cohdb
Replays
Latest Replays
All Replays
Popular Replays
Top Player Replays
Match Explorer
How It Works
Community
CoH3 Stats
Reddit
Sign in to upload your games and track your stats! →
Sign in with Steam
Match 38810448
Unlisted
Match 38810448
Overview
Messages
Build Orders
End
Construct Infanterie Kompanie
Kettenkrad Recon Vehicle
Construct Infanterie Kompanie
GrW 34 Mortar Team
MG 42 Machine Gun Team
MG 42 Machine Gun Team
Infanterie Officer Quarters
GrW 34 Mortar Team
Construct Luftwaffe Kompanie
MG 42 Machine Gun Team
Jäger Squad
Jäger Squad
Support Elements
Marder III M Tank Destroyer
Luftwaffe Officer Quarters
Jäger Squad
Pioneer Squad
Selects Mechanized Battlegroup
Selects Mobile Repair Stations
Selects Wespe Self-propelled Artillery
Selects Raid Package
Construct Panzer Kompanie
Wespe Self-propelled Artillery
nop.8
ITCI
치실
nonocat
Honey
OHMY
GreeD
Zebra
0
0
Comments
sign in to comment!
No comments posted yet!